[Event "*** Titled Tuesday Blitz"]
[Site "Chess.com"]
[Date "2021.02.09"]
[Round "4"]
[White "ajedrez1101"]
[Black "Susik_Gaboyan"]
[Result "0-1"]
[WhiteElo "2068"]
[BlackElo "2286"]
[TimeControl "180+1"]
[EndTime "10:39:52 PST"]
[Termination "Susik_Gaboyan won by resignation"]

1. b3 e5 2. Bb2 Nc6 3. e3 Nf6 4. Bb5 d6 5. Nf3 Bd7 6. d4 g6 7.
dxe5 dxe5 8. Bxc6 Bxc6 9. Qxd8+ Rxd8 10. Bxe5 Bg7 11. Nbd2 O-O 12. Ke2 Rd7 13. c4 Rfd8 14. h3 h5 15. Bd4 Re8 16. Ne5 Rxd4 17. exd4 Bxg2 18. Rh2 Bc6 19. Nf3 Nd7 20. Kd2 Nxe5 21. Nxe5 Be4 22. Re1 Bf5 23. f3 Rd8 24. Kc3 Re8 25.
Rhh1 c5 26. f4 cxd4+ 27. Kxd4 Rd8+ 28. Kc3 Bh6 29. Ref1 f6 30. Nxg6 Bxg6 31. Rhg1 Kh7 32. f5 Bf7 33. Re1 Bd2+ 34. Kc2 Bxe1 35. Rxe1 Re8 36.
Rd1 Re7 37. Rd6 Kg7 38. Kc3 Be8 39. Kd4 Bd7 40. Rd5 Bc6 41. Rd8 Rd7+ 42. Rxd7+ Bxd7 43. Ke4 Kf7 44. b4 Ke7 45. a3 Kd6 46. c5+ Kc6 47. a4 a5 48. bxa5 Kxc5 0-1

[Event "*** Titled Tuesday Blitz"]
[Site "Chess.com"]
[Date "2021.02.09"]
[Round "4"]
[White "FlySooHigh"]
[Black "korkmaz16"]
[Result "1-0"]
[WhiteElo "2583"]
[BlackElo "2409"]
[TimeControl "180+1"]
[EndTime "10:39:53 PST"]
[Termination "FlySooHigh won by resignation"]

1. e4 e6 2. d4 d5 3. e5 c5 4. c3 Nc6 5. Nf3 Qb6 6. a3 Nh6 7. b4 cxd4 8. cxd4 Nf5 9. Bb2 Bd7 10. g4 Nfe7 11. Nc3 Na5 12. Na4 Qc6 13. bxa5 Qxa4 14. Qxa4 Bxa4 15. Bc3 Nc6 16. Bd3 Be7 17. Kd2 Bd8 18.
Rab1 Nxa5 19. Ke3 Bc6 20. Nd2 Nc4+ 21. Nxc4 dxc4 22. Be4 Bxe4 23. Kxe4 b6 24. d5 exd5+ 25. Kxd5 Rc8 26. Rb4 Be7 27. Rxc4 Kd7 28. a4 Rxc4 29.
Kxc4 Rc8+ 30. Kd3 Rc5 31. f4 Rd5+ 32. Ke4 Rc5 33. Rd1+ Kc6 34. Be1 Rc4+ 35. Rd4 Kc5 36. Rxc4+ Kxc4 37. f5 g6 38. e6 gxf5+ 39. gxf5 fxe6 40.
fxe6 Kb3 41. a5 bxa5 42. Bxa5 Ka4 43. Bc7 a5 44. Kd5 Kb5 45. Bd6 Bh4 46. e7 Bxe7 47. Bxe7 h5 48. h4 a4 49. Ke5 Kc4 50. Kf5 Kb3 51. Kg5 a3 52. Bxa3 Kxa3 53. Kxh5 Kb4 54. Kg6 Kc5 55. h5 Kd6 56. h6 Ke7 57. h7 Kf8 58. h8=Q+ Ke7 59. Qf6+ 1-0

[Event "*** Titled Tuesday Blitz"]
[Site "Chess.com"]
[Date "2021.02.09"]
[Round "4"]
[White "PowerThinking2650"]
[Black "Piccadilly123"]
[Result "1/2-1/2"]
[WhiteElo "2397"]
[BlackElo "2191"]
[TimeControl "180+1"]
[EndTime "10:39:53 PST"]
[Termination "Game drawn by agreement"]

1. e4 e6 2. d4 d5 3. Nd2 c5 4. Ngf3 Nc6 5. exd5 exd5 6. Bb5 Bd6 7. O-O Ne7 8. dxc5 Bxc5 9. Nb3 Bb6 10. Bd3 O-O 11. Re1 Qd6 12. Bg5 h6 13. Bh4 Bg4 14. Bg3 Qf6 15.
c3 Rad8 16. Nbd2 Nf5 17. Qc2 Nxg3 18. hxg3 d4 19. Ne4 Qe7 20. Neg5 Qd7 21. Nh3 dxc3 22. Bh7+ Kh8 23. bxc3 Bxf3 24. Bf5 Qd5 25. gxf3 Qxf3 26. Kh2 Rfe8 27. Be4 Qf6 28. Nf4 Ne5 29. f3 Rd7 30. Rad1 Red8 31. Rxd7 Rxd7 32. Rd1 Qe7 33. Rxd7 Qxd7 34.
Nd5 g6 35. Kg2 Kg7 36. f4 Nc4 37. Qd3 Ne3+ 38. Kf3 Nxd5 39. Qxd5 Qxd5 40. Bxd5 Kf6 41. Bxb7 Ke6 42. c4 h5 43. Bd5+ Ke7 44. Ke4 f6 45. f5 gxf5+ 46. Kxf5 Bd4 47. Bf3 Be5 48. Bxh5 Bxg3 49.
Bf3 Be5 50. Bd5 Kd6 51. Ke4 Kc5 52. Kf5 Kd4 1/2-1/2

[Event "*** Titled Tuesday Blitz"]
[Site "Chess.com"]
[Date "2021.02.09"]
[Round "4"]
[White "AurumO"]
[Black "kubal123"]
[Result "0-1"]
[WhiteElo "1892"]
[BlackElo "2203"]
[TimeControl "180+1"]
[EndTime "10:39:53 PST"]
[Termination "kubal123 won on time"]

1. e4 c5 2. c3 d5 3. exd5 Qxd5 4. d4 e6 5. Nf3 Nf6 6. Na3 Nc6 7. Nb5 Qd8 8. dxc5 Bxc5 9. Qxd8+ Kxd8 10. Bg5 a6 11. O-O-O+ Ke7 12. Nbd4 Bd7 13. Bc4 Nxd4 14. Nxd4 Rac8 15.
Bb3 h6 16. Bh4 g5 17. Bg3 Ne4 18. Rhe1 Nxg3 19. hxg3 Kf6 20. f4 gxf4 21. gxf4 Rhg8 22. Rd2 Bxd4 23. Rxd4 Bc6 24. Rh1 Rg6 25. Bc2 Bxg2 26.
Rg1 Rg7 27. Rd2 Bc6 28. Rxg7 Kxg7 29. Rh2 Rd8 30. a3 Rh8 31. Bd3 h5 32. Kc2 h4 33. Kd2 Kf6 34. Ke3 h3 35. Bf1 Rd8 36. Rxh3 Rd1 37. Be2 Rb1 38. b4 Ra1 39. Kd4 Rxa3 40.
Rh6+ Ke7 41. Bc4 Ra2 42. Rh7 Rd2+ 43. Ke3 Rb2 44. f5 Kf6 0-1

[Event "*** Titled Tuesday Blitz"]
[Site "Chess.com"]
[Date "2021.02.09"]
[Round "4"]
[White "Godzillator"]
[Black "MuhittinBuker"]
[Result "1-0"]
[WhiteElo "2271"]
[BlackElo "2055"]
[TimeControl "180+1"]
[EndTime "10:39:54 PST"]
[Termination "Godzillator won on time"]

1. d4 Nf6 2. c4 e6 3. Nc3 Bb4 4.
Qc2 c5 5. dxc5 Bxc5 6. Nf3 O-O 7. Bg5 d5 8. cxd5 exd5 9. Bxf6 Qxf6 10. Nxd5 Qc6 11. Nc3 b5 12. Ne5 Bxf2+ 13. Kxf2 Qc5+ 14. e3 Qxe5 15. Be2 Bb7 16. Bf3 Bxf3 17. gxf3 Nd7 18. Qe4 Qf6 19. Rhg1 a6 20. Rad1 Nb6 21. Qg4 Rad8 22.
e4 g6 23. Qg5 Qxg5 24. Rxg5 Rxd1 25. Nxd1 Rc8 26. Ne3 Nc4 27. Nd5 Kg7 28. b3 Nd6 29. Ne3 Kf6 30. Rd5 Ke6 31. Rd2 Rc1 32.
Nd5 f5 33. Nf4+ Ke7 34. e5 Nf7 35. Nd3 Rc7 36. f4 g5 37. Re2 Nd8 38. fxg5 Ne6 39.
h4 Rc3 40. Rd2 Nf8 41. h5 Ne6 42. g6 hxg6 43. hxg6 Kf8 44. Nb4 Kg7 45. Rd6 Nf4 46. Nd5 1-0

[Event "*** Titled Tuesday Blitz"]
[Site "Chess.com"]
[Date "2021.02.09"]
[Round "4"]
[White "bsnsun"]
[Black "OlifantCZ"]
[Result "1-0"]
[WhiteElo "2449"]
[BlackElo "2256"]
[TimeControl "180+1"]
[EndTime "10:39:55 PST"]
[Termination "bsnsun won by resignation"]

1. e4 e6 2. d4 d5 3. Nc3 Bb4 4. e5 c5 5. a3 Bxc3+ 6. bxc3 Qa5 7. Bd2 Qa4 8. Nf3 Nc6 9. Be2 Nge7 10. O-O Bd7 11.
dxc5 Qa5 12. c4 Qxc5 13. cxd5 Nxd5 14. c4 Nde7 15. Be3 Qa5 16. Rb1 b6 17. c5 bxc5 18.
Rb7 Bc8 19. Rb5 Qc7 20. Bxc5 O-O 21. Bd6 Qd8 22. Rb3 Re8 23. Bd3 Nf5 24. Bc5 Nce7 25. Qc2 Bd7 26. Rd1 Qc7 27. Bxe7 Qxc2 28. Bxc2 Ba4 29.
Bd6 Bxb3 30. Bxb3 Rec8 31. g4 Nh6 32. Nd4 Nxg4 33. Nb5 a5 34. Ba4 Ra6 35. Rb1 Rac6 36. Rd1 Rc1 37. Rxc1 Rxc1+ 38. Kg2 Rc4 39. Bb3 Re4 40.
f3 Re2+ 41. Kg3 Rb2 42. Bc4 Nh6 43. Nd4 Ra2 44. Bxa2 1-0

[Event "*** Titled Tuesday Blitz"]
[Site "Chess.com"]
[Date "2021.02.09"]
[Round "4"]
[White "ZarinaShafigullina"]
[Black "PawnEatingZombie"]
[Result "1-0"]
[WhiteElo "2399"]
[BlackElo "2116"]
[TimeControl "180+1"]
[EndTime "10:39:55 PST"]
[Termination "ZarinaShafigullina won by resignation"]

1. d4 d5 2. Nf3 e6 3. g3 b5 4. Bg2 Nf6 5. O-O Bb7 6. Qd3 a6 7. a4 b4 8. Nbd2 Nbd7 9. c4 c5 10. Rd1 cxd4 11. Qxd4 Bc5 12. Qd3 O-O 13. Nb3 Be7 14.
Bf4 dxc4 15. Qxc4 Nd5 16. e4 Nxf4 17. gxf4 Rc8 18. Qe2 Qc7 19. e5 Nc5 20. Rac1 Qb8 21. Nxc5 Bxc5 22. Ng5 Bxg2 23. Kxg2 Qb7+ 24. Qe4 Qxe4+ 25.
Nxe4 Be7 26. Nd6 Rxc1 27. Rxc1 g6 28. Rc6 a5 29. Ra6 Bxd6 30. exd6 Rd8 31. Kf3 Kg7 32.
Ke4 Kf6 33. Kd4 Kf5 34. Kc5 Kxf4 35. Ra7 e5 36. Rxf7+ Ke4 37. d7 Kd3 38. Kd6 Kc2 39. Kc7 Rxd7+ 40. Kxd7 Kxb2 41. Rxh7 b3 42. Ke6 Ka2 43.
Kxe5 b2 44. Rb7 b1=Q 45. Rxb1 Kxb1 46. Kf6 Kb2 47. Kxg6 Kb3 48. h4 Kxa4 49. h5 Kb3 50. h6 a4 51. h7 a3 52. h8=Q a2 53. Qa1 1-0

[Event "*** Titled Tuesday Blitz"]
[Site "Chess.com"]
[Date "2021.02.09"]
[Round "4"]
[White "Alexander_Zubov"]
[Black "12teen"]
[Result "0-1"]
[WhiteElo "2974"]
[BlackElo "2835"]
[TimeControl "180+1"]
[EndTime "10:39:56 PST"]
[Termination "12teen won on time"]

1. d4 Nf6 2. c4 e6 3. Nf3 b6 4. a3 Bb7 5. Nc3 d5 6. Bg5 Be7 7. e3 dxc4 8. Bxc4 Nbd7 9. O-O a6 10. Qe2 b5 11. Ba2 c5 12. Rfd1 c4 13. e4 O-O 14.
Bf4 Rc8 15. d5 exd5 16. e5 Ne4 17. Nxd5 Nec5 18. Bb1 Bxd5 19. Rxd5 Ne6 20. Qc2 g6 21. Bh6 Re8 22. Qd2 Rc7 23. Bc2 Qc8 24. Qc3 Nb6 25.
Rd6 Bxd6 26. exd6 Rc5 27. Ne5 Nd7 28. Ng4 f5 29. Re1 Kf7 30. Ne3 Re5 31. Rd1 Qc5 32. g3 f4 33. Ng4 Rh5 34. Re1 fxg3 35. hxg3 Qxd6 36. Re3 Rd5 37. Rf3+ Ke7 38. Ne3 Nd4 39. Nxd5+ Qxd5 40. Re3+ Kd8 41. Bd1 Rxe3 42. Qxe3 Ne6 43.
Bf4 Qxd1+ 44. Kh2 Nxf4 45. Qxf4 Qd5 46. Qg4 Qh5+ 47. Qxh5 gxh5 0-1

[Event "*** Titled Tuesday Blitz"]
[Site "Chess.com"]
[Date "2021.02.09"]
[Round "4"]
[White "MrTattaglia"]
[Black "FairChess_on_YouTube"]
[Result "0-1"]
[WhiteElo "2790"]
[BlackElo "2956"]
[TimeControl "180+1"]
[EndTime "10:39:57 PST"]
[Termination "FairChess_on_YouTube won by resignation"]

1. Nf3 d5 2. c4 c6 3. e3 Nf6 4. Nc3 a6 5. b3 Bf5 6. Bb2 e6 7. Be2 h6 8. O-O Nbd7 9. d4 Bd6 10.
Bd3 O-O 11. Re1 Ne4 12. Rc1 Bg6 13. Bb1 f5 14. Ne2 Qb8 15. Nf4 Bxf4 16. exf4 Qxf4 17. g3 Qg4 18. Nh4 Qg5 19. f3 Bh5 20. Qd3 Nxg3 21. hxg3 Qxg3+ 22. Ng2 Bxf3 23. Rc2 Nf6 24. Rf2 Ng4 25.
Qxf3 Qh2+ 26. Kf1 Rf6 27. Bc1 Nxf2 28. Kxf2 Rg6 29. Rg1 Rg4 30. Bf4 Qh5 31. Bd3 Rf8 32.
Be5 Qg5 33. Be2 dxc4 34. bxc4 Qd2 35. Qd3 Qxa2 36. Re1 Re4 37. Nf4 c5 38. Nxe6 Re8 39. Nxc5 Rh4 40. Qc3 b5 41. Ra1 Rh2+ 42. Bxh2 Rxe2+ 43. Kf1 Rf2+ 44. Kg1 Rg2+ 45. Kf1 0-1

[Event "*** Titled Tuesday Blitz"]
[Site "Chess.com"]
[Date "2021.02.09"]
[Round "4"]
[White "ChristopherYoo"]
[Black "bangchess21"]
[Result "0-1"]
[WhiteElo "2875"]
[BlackElo "2734"]
[TimeControl "180+1"]
[EndTime "10:39:57 PST"]
[Termination "bangchess21 won on time"]

1. Nf3 c5 2. c4 g6 3. Nc3 Bg7 4. d4 cxd4 5. Nxd4 Nc6 6. e3 Nf6 7. Be2 d6 8. O-O O-O 9. b3 Nxd4 10. exd4 d5 11. Bb2 b6 12. Bf3 Bb7 13. Re1 e6 14. Ba3 Re8 15. Nb5 Bf8 16. Bxf8 Rxf8 17. Qd2 Qd7 18.
Rac1 Rac8 19. Nxa7 Ra8 20. Nb5 dxc4 21. Bxb7 Qxb7 22.
bxc4 Rfd8 23. Rc2 Ra4 24. Qg5 Kg7 25. h4 Qa8 26. Ree2 h6 27. Qe5 Qb8 28. Qxb8 Rxb8 29. f3 Rc8 30. Nd6 Rc6 31. c5 Rxd4 32. Kf2 Rxc5 33.
Rxc5 bxc5 34. Nb7 c4 35. g4 Nd5 36. Nc5 c3 37. Ne4 f5 38. gxf5 gxf5 39. Nc5 Rc4 40.
Nd3 c2 41. Nc1 Kf6 42. h5 Nc3 43. Rd2 Nd5 44. Re2 Rh4 45. Rd2 Rh2+ 46. Ke1 Rh1+ 47. Ke2 Rxc1 0-1

[Event "*** Titled Tuesday Blitz"]
[Site "Chess.com"]
[Date "2021.02.09"]
[Round "4"]
[White "rpragchess"]
[Black "LawrenceTrent"]
[Result "1-0"]
[WhiteElo "2864"]
[BlackElo "2609"]
[TimeControl "180+1"]
[EndTime "10:39:57 PST"]
[Termination "rpragchess won by resignation"]

1. Nc3 g6 2. e4 c5 3. h4 h5 4. d4 cxd4 5. Qxd4 Nf6 6. Bg5 Nc6 7.
Qd2 Bg7 8. Bc4 d6 9. Nge2 Bd7 10. Bb3 Rc8 11. f4 Ng4 12. f5 Nce5 13. Nd5 f6 14. Bf4 Nc4 15. Qd4 Qa5+ 16. Nec3 Nce5 17. O-O-O gxf5 18. Nxe7 Rxc3 19. Qxd6 Rxb3 20. Ng6 Qb4 21.
Qb8+ Kf7 22. Nxh8+ Bxh8 23. axb3 Bg7 24. Qc7 Qb5 25.
Rd6 Kg6 26. Rhd1 Bc6 27. Rd8 Bxe4 28. Rg8 Nf7 29. Kb1 Qc6 30. Rd7 Bxc2+ 31. Kc1 Qxc7 32. Rxc7 Be4 33. g3 Nge5 34. b4 Nd3+ 35. Kd2 Nxb4 36. Bh6 Kxh6 37. Rxf7 Bd5 38. Rgxg7 Bxf7 39. Rxf7 Kg6 40.
Rxb7 Nd5 41. Rxa7 f4 42. gxf4 Nxf4 43. b4 Ng2 44. b5 Nxh4 45. b6 Nf3+ 46. Ke3 Ne5 47.
b7 Nc6 48. Ra6 Nb8 49. Ra8 Nd7 50. Rd8 Nb8 1-0

[Event "*** Titled Tuesday Blitz"]
[Site "Chess.com"]
[Date "2021.02.09"]
[Round "4"]
[White "Sharpchess22"]
[Black "EugeneRougon"]
[Result "1-0"]
[WhiteElo "2721"]
[BlackElo "2705"]
[TimeControl "180+1"]
[EndTime "10:39:57 PST"]
[Termination "Sharpchess22 won on time"]

1. c4 c6 2. Nf3 d5 3. e3 Nf6 4.
Nc3 e6 5. b3 Bd6 6. Bb2 O-O 7.
Be2 e5 8. cxd5 cxd5 9. Nb5 Nc6 10. Nxd6 Qxd6 11. d4 Qb4+ 12. Qd2 Qxd2+ 13. Kxd2 Ne4+ 14.
Ke1 Nb4 15. Kf1 exd4 16. Nxd4 Bd7 17. f3 Nd6 18. Ba3 a5 19. Kf2 Rfc8 20. Rad1 Nf5 21. Nxf5 Bxf5 22. Rd2 Rc2 23. Rxc2 Bxc2 24. Rc1 Nd3+ 25.
Bxd3 Bxd3 26. Rc7 Bb1 27. Rxb7 Bxa2 28. Bb2 f6 29. Bd4 a4 30. bxa4 Rxa4 31. g4 h6 32. h4 Bc4 33. g5 hxg5 34. hxg5 fxg5 35. Rxg7+ Kf8 36. Rxg5 Kf7 37. Rg7+ Ke6 38. Kg3 Ra8 39. Rg6+ Kf7 40. Rf6+ Ke7 41. Rh6 Rg8+ 42. Kf2 Ra8 43.
Bc5+ Kf7 44. Kg3 Rg8+ 45. Kf4 Rg6 46. Rh7+ Ke6 47. Re7+ Kf6 48. Rb7 Ke6 49. Bd4 Rg2 50. Rb6+ Kd7 51. Kf5 Rf2 52. f4 Bd3+ 53. Ke5 Be4 54.
Rb7+ Kc6 55. Rf7 Kb5 56. f5 Kc4 57. f6 Kd3 58. Rg7 Rf3 59. f7 Kc4 60. Ke6 Bf5+ 61. Ke7 1-0

[Event "*** Titled Tuesday Blitz"]
[Site "Chess.com"]
[Date "2021.02.09"]
[Round "4"]
[White "PLAYER_2006_M"]
[Black "wannabe2700"]
[Result "0-1"]
[WhiteElo "2521"]
[BlackElo "2771"]
[TimeControl "180+1"]
[EndTime "10:39:57 PST"]
[Termination "wannabe2700 won by checkmate"]

1. d4 f5 2. Bg5 h6 3. Bh4 g5 4.
Bg3 Bg7 5. e3 c5 6. c3 Qb6 7.
Qb3 Qxb3 8. axb3 cxd4 9. cxd4 Nc6 10. f4 Nf6 11. Nc3 d6 12. Nf3 Nh5 13. fxg5 hxg5 14. Bf2 g4 15. Nd2 Bd7 16. Bg1 Ng3 17. hxg3 Rxh1 18.
Bf2 Nb4 19. O-O-O Bc6 20. Kb1 e6 21. e4 Bh6 22. d5 Bxd2 23. dxc6 bxc6 24. Nb5 Rxf1 25.
Nxd6+ Kd7 26. Rxf1 Nd3 27. Rd1 Kxd6 28. Rxd2 fxe4 29.
Kc2 Kd5 30. b4 a6 31. Kc3 Rh8 32. Be3 Rh1 33. Kb3 Re1 34. Bf2 Rf1 35. Be3 e5 36.
Bh6 Kd4 37. Re2 Nc1+ 38. Bxc1 Rxc1 39. Rd2+ Ke3 40. Rd6 Kf2 41. Re6 e3 42. Rxe5 e2 43. Rf5+ Kxg2 44. Re5 e1=Q 45. Rxe1 Rxe1 46. Kc4 Rc1+ 47.
Kd4 Rc2 48. Ke5 Rxb2 49. Kd6 Rxb4 50. Kxc6 Rb5 51. Kd6 Kxg3 52. Ke6 Kf3 53. Kf6 g3 54. Ke6 g2 55. Kf6 g1=Q 56. Kf7 Qa1 57. Ke6 Qa5 58. Kd7 Qb6 59. Kc8 Rc5+ 60. Kd7 Rc7+ 61. Kd8 Qb8# 0-1

[Event "*** Titled Tuesday Blitz"]
[Site "Chess.com"]
[Date "2021.02.09"]
[Round "4"]
[White "dragos420"]
[Black "rachidhuilda"]
[Result "1-0"]
[WhiteElo "2492"]
[BlackElo "2290"]
[TimeControl "180+1"]
[EndTime "10:39:57 PST"]
[Termination "dragos420 won by resignation"]

1. e4 d5 2. exd5 Qxd5 3. Nf3 Bg4 4. Be2 Nc6 5. Nc3 Qd7 6. O-O O-O-O 7. d3 e5 8. h3 Bf5 9. Be3 f6 10. Nd2 g5 11.
Nde4 h5 12. a3 Nd4 13. Bxd4 exd4 14. Nb1 Bd6 15. Nbd2 Qg7 16. Ng3 Bxg3 17. fxg3 Be6 18. Bxh5 f5 19. Be2 Nf6 20. Qe1 Nd5 21. Nc4 f4 22. Bf3 Ne3 23. Nxe3 dxe3 24. Qa5 Kb8 25. Qb4 Bc8 26. gxf4 gxf4 27. Qxf4 Bxh3 28. Qxe3 Rdg8 29. Qe4 Bc8 30. Kf2 Re8 31. Qb4 Qh6 32. Rae1 Ref8 33.
Rh1 Qg7 34. Rxh8 Qxh8 35. Qe7 Rd8 36. Re4 Rg8 37. Rb4 b6 38. Qe4 c6 39. Qxc6 Qg7 40. Qa8+ Kc7 41. Qxa7+ Kd8 42. Qxg7 Rxg7 43.
Rxb6 Re7 44. Rb4 Ke8 45. Re4 Kf8 46. Rxe7 Kxe7 47. Ke3 Kd6 48. Kd4 Bd7 49. c4 Kc7 50. b4 1-0

[Event "*** Titled Tuesday Blitz"]
[Site "Chess.com"]
[Date "2021.02.09"]
[Round "4"]
[White "manipun1"]
[Black "manmanlai1"]
[Result "0-1"]
[WhiteElo "2279"]
[BlackElo "2467"]
[TimeControl "180+1"]
[EndTime "10:39:57 PST"]
[Termination "manmanlai1 won on time"]

1. e4 e6 2. Nf3 d5 3. Nc3 Nf6 4. e5 Nfd7 5. d4 c5 6. dxc5 Nc6 7. Bf4 Bxc5 8. Bd3 Qb6 9. O-O a6 10. Na4 Qc7 11. Nxc5 Nxc5 12. Re1 b5 13. a3 Bb7 14.
Bf1 h6 15. h4 Na4 16. Rb1 Rd8 17. Qd2 d4 18. Bd3 Nc5 19. Rbd1 Nxd3 20. Qxd3 Ne7 21. Nxd4 Nf5 22. c3 Nxh4 23. Qg3 g5 24. f3 Qe7 25. Bc1 Rg8 26. Qg4 Rg6 27. Be3 Kf8 28. Bf2 Kg7 29.
Kh2 Kh7 30. Qh5 Nf5 31. Nxf5 exf5 32. Rxd8 Qxd8 33. Bd4 Qd7 34. Qh3 Qe6 35. Qg3 f4 36.
Qf2 g4 37. fxg4 Rxg4 38. Qc2+ Kg8 39. Re2 Qe7 40. Kg1 Qg5 41. e6 fxe6 42. Bf6 Qxf6 43. Qd3 Qg6 44. Qh3 Kh7 0-1

[Event "*** Titled Tuesday Blitz"]
[Site "Chess.com"]
[Date "2021.02.09"]
[Round "4"]
[White "paladin_ll"]
[Black "Fischerev7"]
[Result "1-0"]
[WhiteElo "2160"]
[BlackElo "2383"]
[TimeControl "180+1"]
[EndTime "10:39:57 PST"]
[Termination "paladin_ll won by resignation"]

1. Nf3 Nf6 2. c4 g6 3. Nc3 Bg7 4. g3 O-O 5. Bg2 c5 6. O-O Nc6 7. d4 cxd4 8. Nxd4 e5 9. Nc2 d6 10. Bg5 h6 11. Bxf6 Bxf6 12. Ne3 Be6 13. Rc1 Qb6 14.
Ned5 Qd8 15. b3 Bg7 16. e3 Kh7 17. Qd2 Qa5 18. Rfd1 Rad8 19. Ne4 Qxd2 20. Rxd2 f5 21. Nec3 e4 22. Rcd1 g5 23. Nc7 Bf7 24. N3b5 Be5 25. g4 Rd7 26. Nd5 Bxd5 27. Rxd5 a6 28. Nxd6 Bxd6 29. Rxd6 Rxd6 30. Rxd6 fxg4 31. Bxe4+ Kg7 32. Bxc6 bxc6 33. Rxc6 a5 34. Rc5 Ra8 35. Rb5 Kg6 36.
Kg2 h5 37. c5 h4 38. h3 gxh3+ 39. Kxh3 a4 40. b4 Kh5 41. c6 Rf8 42. Kg2 Kg4 43.
c7 h3+ 44. Kg1 Rc8 45. Rc5 a3 46. b5 Kf3 47. b6 g4 48. b7 Rh8 1-0

[Event "*** Titled Tuesday Blitz"]
[Site "Chess.com"]
[Date "2021.02.09"]
[Round "4"]
[White "LilRag"]
[Black "AlexOstrovskiy"]
[Result "1/2-1/2"]
[WhiteElo "2584"]
[BlackElo "2764"]
[TimeControl "180+1"]
[EndTime "10:39:58 PST"]
[Termination "Game drawn by repetition"]

1. Nf3 g6 2. d4 Bg7 3. Nc3 d5 4.
e4 dxe4 5. Nxe4 Nf6 6. Bd3 Nxe4 7. Bxe4 O-O 8. O-O Nd7 9. c3 c5 10. Be3 cxd4 11. Bxd4 e5 12. Be3 Qc7 13. Qb3 Nc5 14. Qc4 Ne6 15. Bd5 Qxc4 16. Bxc4 Bd7 17. Rad1 Bc6 18.
Ng5 Nxg5 19. Bxg5 h6 20. Be3 Rfe8 21. Rd6 g5 22. Rfd1 Kf8 23. R6d2 b6 24. Rd6 Rac8 25. Ba6 Rc7 26. Rxc6 Rxc6 27. Bb5 Rc7 28. Bxe8 Kxe8 29.
g4 Ke7 30. Kg2 Bf6 31. Kf3 Ke6 32. h3 Rc4 33. Ke2 e4 34. Bd2 Be5 35. b3 Rc6 36. c4 b5 37. cxb5 Rc2 38. Rc1 Rxa2 39. Rc6+ Kd5 40.
Ra6 Rb2 41. Rxa7 Bf4 42. Rd7+ Kc5 43. Kd1 Bxd2 44. Rxd2 Rxb3 45. Rd7 Kxb5 46. Rxf7 Kc4 47. Ke2 Rxh3 48. Rc7+ Kd4 49. Rd7+ Ke5 50. Rf7 Rb3 51. Rf5+ Kd4 52. Rf6 Rb2+ 53. Kf1 Rb1+ 54. Kg2 Rb2 55.
Kg3 Rb3+ 56. Kg2 Rb2 57. Kg3 Rb3+ 58. Kg2 Rb2 1/2-1/2

[Event "*** Titled Tuesday Blitz"]
[Site "Chess.com"]
[Date "2021.02.09"]
[Round "4"]
[White "Dedic8"]
[Black "bazar-wokzal"]
[Result "1-0"]
[WhiteElo "2824"]
[BlackElo "2531"]
[TimeControl "180+1"]
[EndTime "10:40:01 PST"]
[Termination "Dedic8 won by resignation"]

1. e4 Nc6 2. Nf3 d5 3. exd5 Qxd5 4. Nc3 Qa5 5. Bb5 Bd7 6. d4 a6 7. Be2 O-O-O 8. O-O Bg4 9. Be3 Nf6 10. Ng5 Be6 11.
Nxe6 fxe6 12. a3 Qf5 13. Bd3 Qg4 14. Qxg4 Nxg4 15. Bc4 Nxd4 16. Bxd4 Rxd4 17. Bxe6+ Kb8 18. Rad1 c5 19. Ne2 Re4 20. Rd8+ Kc7 21. Rc8+ Kb6 22. Bxg4 Rxg4 23. Rd1 Re4 24. Kf1 Re6 25. Rdd8 Rd6 26.
Nc3 Rxd8 27. Rxd8 g6 28. Nd5+ Kc6 29. Nxe7+ Kc7 30. Ra8 Bg7 31. Nd5+ Kd6 32. Rxh8 Bxh8 33. Nc3 b5 34. Ke2 Bd4 35. f3 Ke5 36. Nd1 c4 37. c3 Bg1 38. Nf2 h5 39. h3 Kf4 40.
Ne4 Bb6 41. g3+ Ke5 42. Ng5 Kf5 43. f4 h4 44. Kf3 hxg3 45. Ne4 g2 46. Ng3+ Kf6 47.
Kxg2 Be3 48. Ne2 Bd2 49. Kf3 Kf5 50. Ng3+ Kf6 51. Ne4+ Kf5 52. Nxd2 a5 53. Ne4 1-0

[Event "*** Titled Tuesday Blitz"]
[Site "Chess.com"]
[Date "2021.02.09"]
[Round "4"]
[White "MartinMatthiesen"]
[Black "DenishevM"]
[Result "0-1"]
[WhiteElo "2388"]
[BlackElo "2597"]
[TimeControl "180+1"]
[EndTime "10:40:02 PST"]
[Termination "DenishevM won on time"]

1. d4 Nf6 2. c4 g6 3. Nc3 Bg7 4. e4 O-O 5. Nf3 d6 6. Be2 Bg4 7.
Be3 Nc6 8. Ng1 Bxe2 9. Ngxe2 e5 10. d5 Ne7 11. f3 Nd7 12. O-O f5 13. b4 Nf6 14. Rc1 a5 15. a3 Nh5 16. c5 axb4 17. axb4 Ra3 18. Qd2 Qd7 19. c6 bxc6 20. dxc6 Nxc6 21.
Nb5 Rxe3 22. Qxe3 Nf4 23. Qb3+ Kh8 24. Nxf4 exf4 25. Qc4 Ne5 26. Qe2 fxe4 27. fxe4 f3 28. gxf3 Bh6 29. Rxc7 Qd8 30. Kh1 Qh4 31. Nxd6 Bf4 32.
Rc3 Nf7 33. Nxf7+ Rxf7 34. b5 Kg7 35. b6 Re7 36. Ra3 Kh6 37. Ra7 Re6 38. b7 Rb6 39. e5 Rb5 40. e6 Re5 41. Qg2 Rxe6 42. Rb1 Re8 43. Ra8 Bb8 0-1

[Event "*** Titled Tuesday Blitz"]
[Site "Chess.com"]
[Date "2021.02.09"]
[Round "4"]
[White "Dii210"]
[Black "Natalya_Buksa"]
[Result "0-1"]
[WhiteElo "2285"]
[BlackElo "2570"]
[TimeControl "180+1"]
[EndTime "10:40:02 PST"]
[Termination "Natalya_Buksa won by resignation"]

1. e4 c5 2. Nf3 Nc6 3. d4 cxd4 4. Nxd4 Nf6 5. Nc3 e5 6. Ndb5 d6 7. Bg5 a6 8. Na3 b5 9. Nd5 Be7 10. Bxf6 Bxf6 11. c3 Rb8 12. Nc2 Bg5 13. Be2 O-O 14. Nce3 Kh8 15. O-O Be6 16. a4 Ne7 17. axb5 axb5 18.
Nxe7 Qxe7 19. Nd5 Qd8 20. Nb4 Qd7 21. Ra6 Qb7 22. Bf3 Be7 23. Qd3 Bc4 24. Qe3 Bxf1 25. Ra7 Qc8 26. Kxf1 Bd8 27. Nd5 b4 28. cxb4 Qc2 29.
Qc3 Qb1+ 30. Ke2 Bg5 31. Rc7 Ra8 32. Qc2 Qa1 33. b5 Ra2 34. Rc8 Bd8 35. Qc7 Rxb2+ 36. Kd3 Qb1+ 37. Ke3 Qe1+ 38. Kd3 Qd2+ 39. Kc4 Rc2+ 40.
Kb3 Rxc7 41. Nxc7 Qxf2 42. Nd5 Be7 43. Nxe7 Rxc8 44. Nxc8 Qc5 45. Ne7 Qxb5+ 46. Kc3 Qa5+ 47. Kd3 Qa6+ 48. Kd2 h6 49. Nd5 Qa2+ 50. Ke3 Qb3+ 51.
Kf2 g6 52. Ne7 Kg7 53. Kg3 Qe3 54. h3 Qg5+ 55. Kf2 Qxe7 0-1

[Event "*** Titled Tuesday Blitz"]
[Site "Chess.com"]
[Date "2021.02.09"]
[Round "4"]
[White "johnathan113"]
[Black "AwareIdea"]
[Result "1/2-1/2"]
[WhiteElo "2609"]
[BlackElo "2472"]
[TimeControl "180+1"]
[EndTime "10:40:03 PST"]
[Termination "Game drawn - insufficient material"]

1. e4 e5 2. Nf3 Nc6 3. d4 exd4 4. Nxd4 Nf6 5. Nxc6 bxc6 6. e5 Qe7 7. Qe2 Nd5 8. c4 Nb6 9. Nc3 Qe6 10. Qe4 Bb4 11. Bd2 a5 12. Bd3 Bb7 13. O-O O-O-O 14. a3 c5 15. Qe3 Bxc3 16. Bxc3 Nxc4 17. Qxc5 Qd5 18. Qxd5 Bxd5 19. b3 Nb6 20. Bxa5 Rde8 21. f4 Bxb3 22. Bxb6 cxb6 23. Rab1 Bd5 24. Rxb6 Kc7 25. Rb4 Ra8 26. Rc1+ Kd8 27. a4 Ke7 28. Be4 Bxe4 29. Rxe4 Rhc8 30.
Rd1 Rc2 31. Red4 Ra7 32. h3 Ra2 33. Kh2 R2xa4 34. Kg3 Rxd4 35. Rxd4 g6 36. Kh4 h6 37. g4 Ra3 38. Rb4 Rf3 39. g5 h5 40.
Rd4 Ke6 41. Rd6+ Ke7 42. Rf6 Re3 43. f5 Re4+ 44. Kg3 Rxe5 45. fxg6 Rxg5+ 46. Kh4 Kxf6 47. gxf7 Kxf7 48. Kxg5 d5 49. Kxh5 d4 50. Kg4 d3 51.
Kf3 d2 52. Ke2 Kg6 53. Kxd2 Kh5 54. Ke2 Kh4 55. Kf3 Kxh3 1/2-1/2

[Event "*** Titled Tuesday Blitz"]
[Site "Chess.com"]
[Date "2021.02.09"]
[Round "4"]
[White "UCantHandleDenker"]
[Black "sakkikuska"]
[Result "1-0"]
[WhiteElo "2616"]
[BlackElo "2461"]
[TimeControl "180+1"]
[EndTime "10:40:03 PST"]
[Termination "UCantHandleDenker won on time"]

1. Nf3 Nf6 2. d3 g6 3. g3 Bg7 4. Bg2 O-O 5. O-O d6 6. Nbd2 c5 7. e4 Nc6 8. Re1 b6 9. a4 Bb7 10. Nc4 Nd7 11. h4 Nde5 12. Ncxe5 Nxe5 13. h5 Qd7 14. h6 Bh8 15. Nh2 f5 16. f4 Ng4 17.
Nxg4 fxg4 18. c3 e5 19. Be3 Rae8 20. Qb3+ Qf7 21. Qxf7+ Rxf7 22. a5 b5 23. a6 Bc6 24.
Rac1 Rb8 25. b4 c4 26. dxc4 bxc4 27. Rcd1 Rd7 28. f5 gxf5 29. exf5 Bxg2 30. Kxg2 d5 31. Bc5 d4 32. Re4 Rbd8 33. Rxg4+ Kf7 34. Re4 Bf6 35.
g4 dxc3 36. Rxd7+ Rxd7 37. Rxc4 Rd2+ 38. Kf3 c2 39. Bxa7 Bg5 40. Rc7+ Ke8 41. f6 Rd3+ 42. Ke4 Ra3 43. f7+ Kd8 44. f8=Q+ Kxc7 45. Qc5+ Kd7 46. Qxc2 Rxa6 47. Bc5 1-0